 Dungeon Crawl Stone Soup version 0.31-a0-240-gb923e448b6 (webtiles) character file.

Game seed: 10740012240707456963

50 qw the Shooter (level 3, -1/29 HPs)
             Began as a Minotaur Hexslinger on July 11, 2023.
             Slain by a cerulean imp
             ... wielding a +2 spear
             ... summoned by Natasha
              (7 damage)
             ... on level 2 of the Dungeon.
             The game lasted 00:00:25 (1108 turns).

qw the Shooter (Minotaur Hexslinger)                Turns: 1108, Time: 00:00:25

Health: -1/29      AC:  2    Str: 12    XL:     3   Next: 55%
Magic:  3/3        EV: 12    Int: 10    God:
Gold:   59         SH:  0    Dex: 14    Spells: 3/4 levels left

rFire   . . .        Y - +2 sling
rCold   . . .        (no shield)
rNeg    . . .        c - +0 robe
rPois   .            (helmet restricted)
rElec   .            (no cloak)
rCorr   .            (no gloves)
SInv    .            (no boots)
Will    .....        (no amulet)
Stlth   +            (no ring)
HPRegen 0.24/turn    (no ring)
MPRegen 0.08/turn

%: no passive effects
@: about to teleport, slowed, very slow
A: horns 2, retaliatory headbutt
a: no special abilities


You were on level 2 of the Dungeon.
You visited 1 branch of the dungeon, and saw 2 of its levels.

You collected 59 gold pieces.


Innate Abilities, Weirdness & Mutations

You have a pair of horns on your head.
You reflexively headbutt those who attack you in melee.


   Skills:
 - Level 2.3 Fighting
 + Level 4.0 Ranged Weapons
 - Level 2.1 Dodging
 - Level 1.0 Spellcasting
 - Level 2.0 Hexes


You had 3 spell levels left.
You knew the following spells:

 Your Spells              Type           Power      Damage    Failure   Level
a - Slow                  Hex            16%        N/A       16%         1

Your spell library contained the following spells:

 Spells                   Type           Power      Damage    Failure   Level
 Inner Flame              Hex/Fire       2%         N/A       56%         3
 Portal Projectile        Hex/Tloc       4%         N/A       56%         3
 Cause Fear               Hex            2%         N/A       83%         4

Inventory:

Hand Weapons
 Y - a +2 sling (weapon)
Armour
 c - a +0 robe (worn)
Scrolls
 d - a scroll of summoning {unknown}
 h - 3 scrolls of identify
Potions
 b - a potion of berserk rage {unknown}
 e - a potion of mutation {unknown}
 g - a potion of might

Dungeon Overview and Level Annotations

Branches:
Dungeon (2/15)

Altars:

Annotations:
D:2 Natasha


Message History

Natasha casts a spell at you.
You feel yourself slow down.
The endoplasm moves out of view.
Enter note:
Enter note: You shoot a sling bullet.
The sling bullet barely misses Natasha.
Natasha casts a spell at you.
You feel as though you will be slow longer.
Natasha mumbles some strange words.
1100 ||| Stepping ~*~*~tactically~*~*~ (outnumbered).
You shoot a sling bullet. The endoplasm quivers.
The sling bullet hits the endoplasm.
The endoplasm is severely wounded.
The cerulean imp hits you from afar with a +2 spear.
1102 ||| Stepping ~*~*~tactically~*~*~ (outnumbered).
The cerulean imp hits you from afar with a +2 spear.
You shoot a sling bullet.
The sling bullet misses the cerulean imp.
The cerulean imp completely misses you.
You shoot a sling bullet. The sling bullet hits the cerulean imp.
The cerulean imp is moderately wounded.
The cerulean imp hits you from afar with a +2 spear.
The cerulean imp misses you.
You shoot a sling bullet.
The sling bullet closely misses the cerulean imp.
The cerulean imp hits you but does no damage.
The cerulean imp hits you from afar with a +2 spear.
You shoot a sling bullet. The sling bullet hits the cerulean imp.
The cerulean imp is heavily wounded.
The cerulean imp hits you from afar with a +2 spear. x2
You shoot a sling bullet.
The sling bullet hits the cerulean imp but does no damage.
The cerulean imp is heavily wounded.
The cerulean imp hits you from afar with a +2 spear.
The cerulean imp barely misses you.
1108 ||| READING scroll of teleportation.
As you read the scroll of teleportation, it crumbles to dust.
You feel strangely unstable.
The cerulean imp hits you from afar with a +2 spear!
You die...

#.........####...#.#
+.........+........#
........h ###...#.#####
..J...5 ##........#
..... ##.#.###.# .h.
#.#.# #.# #'# #.#.# #.#
######5### #.#.# #.#
#.......@# #.#.###.#
#.####.#.#### #.......#
.###.......#######.#####
...................#
.##........#########
#......#.# ........#.##
###########


You could see a cerulean imp (summoned).

Vanquished Creatures
  A gnoll (D:1)
  An adder (D:2)
  6 endoplasms
  3 giant cockroaches (D:1)
  A goblin (D:1)
  3 hobgoblins (D:1)
  A quokka (D:1)
  3 ball pythons
  5 bats
  5 rats (D:1)
29 creatures vanquished.

Notes
Turn   | Place    | Note
-------+----------+-------------------------------------------
     0 | D:1      | qw the Minotaur Hexslinger began the quest for the Orb.
     0 | D:1      | Reached XP level 1. HP: 16/16 MP: 1/1
     0 | D:1      | 0 ||| qw: Version: 0.3-a-52-g30416fa
     0 | D:1      | 0 ||| qw: Game counter: 6067
     0 | D:1      | 0 ||| qw: Melee chars always use a shield: true
     0 | D:1      | 0 ||| qw: God list: Okawaru
     0 | D:1      | 0 ||| qw: Allow faded altars: false
     0 | D:1      | 0 ||| qw: Do Orc after clearing Dungeon:15 true
     0 | D:1      | 0 ||| qw: Do second Lair branch before Depths: true
     0 | D:1      | 0 ||| qw: Lair rune preference: random
     0 | D:1      | 0 ||| qw: Goals: Normal
     0 | D:1      | 0 ||| PLANNING D:1-11
   207 | D:1      | Reached skill level 3 in Ranged Weapons
   225 | D:1      | Reached XP level 2. HP: 23/23 MP: 2/2
   596 | D:1      | Reached XP level 3. HP: 29/29 MP: 3/3
   837 | D:1      | 837 ||| READING 2 scrolls labelled CAFAPP ADERPH.
   841 | D:1      | 841 ||| READING scroll labelled GYELUSTEFID.
   842 | D:1      | 842 ||| READING 3 scrolls labelled KEQU OGRYAGIESA.
   843 | D:1      | 843 ||| DRINKING 2 viscous inky potions.
   844 | D:1      | 844 ||| DRINKING 2 emerald potions.
   845 | D:1      | 845 ||| DROPPING scroll of poison.
   846 | D:1      | 846 ||| DROPPING potion of attraction.
  1040 | D:2      | Reached skill level 4 in Ranged Weapons
  1098 | D:2      | Noticed Natasha
  1100 | D:2      | 1100 ||| Stepping ~*~*~tactically~*~*~ (outnumbered).
  1102 | D:2      | 1102 ||| Stepping ~*~*~tactically~*~*~ (outnumbered).
  1107 | D:2      | HP: 6/29 [cerulean imp/+2 spear[Natasha] (5)]
  1108 | D:2      | 1108 ||| READING scroll of teleportation.
  1108 | D:2      | Slain by a cerulean imp

Levels and vault maps discovered:
D:1:      roderic_chinese_lattice_arrival, layout_basic, minmay_pentomino_s2
D:2:      layout_loops_corners, minmay_tripent, uniq_sigmund, uniq_natasha,
          uniq_crazy_yiuf_cottage

Skill      XL: |  1  2  3 |
---------------+----------+-----
Ranged Weapons | 3 4 |  4.0
Fighting       | 2 |  2.3
Dodging        | |  2.1
Spellcasting   | |  1.0
Hexes          | |  2.0

Action                     || total
---------------------------++-------
   Fire: Sling             ||   103
    Use: Scroll            ||     4
         Potion            ||     2
 Armour: Robe              ||     9
  Dodge: Dodged            ||    34

Table legend:
 A = Non-vault XP
 B = Vault XP
 C = Vault XP percentage of total XP
 D = Non-vault monster count
 E = Vault monster count
 F = Vault count percentage of total count
                 A         B        C        D         E       F
            +---------+---------+-------+---------+---------+-------
      Total |      71 |       1 |   1.4 |      28 |       1 |   3.4
            +---------+---------+-------+---------+---------+-------
        D:1 |      51 |       1 |   1.9 |      23 |       1 |   4.2
        D:2 |      20 |       0 |   0.0 |       5 |       0 |   0.0
            +---------+---------+-------+---------+---------+-------
